 Dungeon Crawl Stone Soup version 0.30.0-11-gf55b779eaf (webtiles) character file.

Game seed: 9605205570790520731

4905 wingedge the Fighter (level 10, -2/74 HPs)
             Began as a Human Wanderer on May 16, 2023.
             Was a Follower of Hepliaklqana.
             Slain by a warg (15 damage)
             ... on level 8 of the Dungeon.
             The game lasted 00:39:26 (7873 turns).

wingedge the Fighter (Human Wanderer)               Turns: 7873, Time: 00:39:27

Health: -2/74      AC:  6    Str: 13    XL:     10   Next: 80%
Magic:  11/11      EV: 13    Int: 12    God:    Hepliaklqana [*.....]
Gold:   322        SH:  9    Dex: 20    Spells: 9/11 levels left

rFire   . . .        a - +5 trident of Losen {speed, rPois Int+3 Stlth+}
rCold   + . .        F - +1 kite shield {rPois}
rNeg    . . .        v - +2 leather armour {rC+}
rPois   +            (no helmet)
rElec   .            i - +0 cloak
rCorr   .            (no gloves)
SInv    .            (no boots)
Will    .....        (no amulet)
Stlth   ++++         (no ring)
HPRegen 0.32/turn    (no ring)
MPRegen 0.12/turn

%: no passive effects
@: mighty
A: reduced essence
a: Renounce Religion, Recall Ancestor, Ancestor Identity


You were on level 8 of the Dungeon.
You worshipped Hepliaklqana.
Hepliaklqana was aware of your devotion.
You visited 2 branches of the dungeon, and saw 9 of its levels.
You also visited: Sewer.

You collected 550 gold pieces.
You spent 228 gold pieces at shops.

Inventory:

Hand Weapons
 a - the +5 trident of Losen (weapon) {speed, rPois Int+3 Stlth+}
   (You found it on level 5 of the Dungeon)

   Int:       It affects your intelligence (+3).
   rPois:     It protects you from poison.
   Stlth:     It makes you more stealthy.
 b - a +0 heavy sling
 c - a +0 long sword of flaming
 g - a +2 mace
 p - a +2 halberd of flaming
 x - a +0 dagger of electrocution
 C - a +0 shortbow
 G - a +4 spear of freezing
 I - a +3 long sword of freezing
 J - a +0 great sword
Missiles
 w - 21 poisoned darts
 D - a throwing net
Armour
 i - a +0 cloak (worn)
 v - a +2 leather armour of cold resistance (worn)
 F - a +1 kite shield of poison resistance (worn)
Jewellery
 z - a ring of ice
Wands
 h - a wand of iceblast (27)
 j - a wand of paralysis (7) (quivered)
Scrolls
 e - 3 scrolls of amnesia
 k - 8 scrolls of teleportation
 l - 2 scrolls of torment
 m - 6 scrolls of vulnerability
 q - a scroll of summoning
 r - 3 scrolls of immolation {unknown}
 t - 5 scrolls of fear
 y - 2 scrolls of blinking
 H - 2 scrolls of silence {unknown}
 K - a scroll of magic mapping {unknown}
Potions
 f - 2 potions of heal wounds
 n - 2 potions of flight
 o - a potion of attraction
 s - a potion of mutation
 u - 2 potions of lignification {unknown}
 A - a potion of brilliance {unknown}
 B - 2 potions of curing
 E - a potion of magic {unknown}


   Skills:
 + Level 9.1 Fighting
 - Level 5.0 Maces & Flails
 - Level 8.0 Polearms
 - Level 7.0 Ranged Weapons
 + Level 1.1 Throwing
 - Level 5.0 Armour
 - Level 6.0 Dodging
 - Level 4.0 Stealth
 - Level 1.0 Unarmed Combat
 - Level 1.0 Spellcasting
 - Level 1.0 Invocations
 - Level 4.0 Evocations


You had 9 spell levels left.
You knew the following spells:

 Your Spells              Type           Power      Damage    Failure   Level
a - Passwall              Tmut/Erth      0%         N/A       93%         2

Your spell library contained the following spells:

 Spells                   Type           Power      Damage    Failure   Level
 Apportation              Tloc           0%         N/A       83%         1
 Kiss of Death            Conj/Necr      0%         2d5       83%         1
 Sting                    Tmut/Pois      0%         1d3       83%         1
 Ensorcelled Hibernation  Hex/Ice        0%         N/A       93%         2
 Lesser Beckoning         Tloc           0%         N/A       93%         2
 Poisonous Vapours        Pois/Air       0%         N/A       93%         2
 Sublimation of Blood     Necr           0%         N/A       93%         2
 Wereblood                Tmut           0%         N/A       93%         2
 Call Canine Familiar     Summ           0%         N/A       99%         3
 Confusing Touch          Hex            0%         N/A       99%         3
 Gell's Gravitas          Tloc           0%         N/A       99%         3
 Portal Projectile        Hex/Tloc       0%         N/A       99%         3
 Swiftness                Air            0%         N/A       99%         3
 Teleport Other           Tloc           0%         N/A       99%         3
 Dispel Undead            Necr           0%         3d6       100%        4
 Leda's Liquefaction      Hex/Erth       0%         N/A       100%        4
 Olgreb's Toxic Radiance  Pois           0%         N/A       100%        4
 Alistair's Intoxication  Tmut/Pois      0%         N/A       100%        5
 Summon Hydra             Summ           0%         N/A       100%        7


Dungeon Overview and Level Annotations

Branches:
Dungeon (8/15)             Temple (1/1) D:4           Sewer (visited)
   Lair: D:8-11

Altars:
Ashenzari
Cheibriados
Dithmenos
Elyvilon
Fedhas
Hepliaklqana
Kikubaaqudgha
Makhleb
Nemelex Xobeh
Okawaru
Qazlal
Sif Muna
Trog
Vehumet
Wu Jian
Xom
Yredelemnul
Zin
The Shining One

Shops:
D:2 *[(=   D:3 [   D:5 *   D:7 ?

Annotations:
D:8 jlumianski's ghost, novice DsFi


Message History

Jlumianski's ghost whispers, "Meet the emptiness of death!"
Jlumianski's ghost hits you!! Jlumianski's ghost burns you.
You barely miss jlumianski's ghost.
Jlumianski's ghost is moderately damaged.
You completely miss jlumianski's ghost.
Jlumianski's ghost is moderately damaged.
Jlumianski's ghost hits you! Jlumianski's ghost burns you.
You hit jlumianski's ghost but do no damage.
Jlumianski's ghost is moderately damaged.
Jlumianski's ghost hits you. Jlumianski's ghost burns you.
You hit jlumianski's ghost but do no damage.
Jlumianski's ghost is moderately damaged.
Jlumianski's ghost hits you. Jlumianski's ghost burns you.
* * * LOW HITPOINT WARNING * * *
You feel very mighty all of a sudden. You block jlumianski's ghost's attack.
You feel much better. Jlumianski's ghost hits you.
Jlumianski's ghost burns you.
You hit jlumianski's ghost but do no damage.
Jlumianski's ghost is moderately damaged.
Jlumianski's ghost hits you! Jlumianski's ghost burns you.
You hit jlumianski's ghost but do no damage.
Jlumianski's ghost is moderately damaged.
You puncture the orc!
You kill the orc!
Jlumianski's ghost hits you!
* * * LOW HITPOINT WARNING * * *
Jlumianski's ghost burns you.
* * * LOW HITPOINT WARNING * * *
You puncture the warg!
The warg is moderately wounded.
Jlumianski's ghost hits you!
* * * LOW HITPOINT WARNING * * *
Jlumianski's ghost burns you.
* * * LOW HITPOINT WARNING * * *
The warg bites you but does no damage.
You hit the warg.
The warg is moderately wounded.
Jlumianski's ghost misses you. The warg bites you!
You die...

.......# ###....>...# #####.##
...[_[) ..8#........# ###.#
#.............#........#
###...###.#8#..8..#8#.#........#
#...#...#.###.....###.#........#
..#######....#####)...##########
#.# #.......))....# #.###
#######'hW####### #...#
#8.......@.....8#
....####...............#
._......#.###......#####
...###.............# ..##
#.######.####### #.#
#.######.##....#
#.####......#.......#
#.....)####.####.#..#
#.....#<)...........#


You could see a warg and jlumianski's ghost.

Vanquished Creatures
  A two-headed ogre (D:8)
  Pikel (D:6)
  Grinder (D:6)
  Prince Ribbit (D:6)
  A wyvern (D:8)
  2 water moccasins (D:8)
  2 orc warriors
  An ice beast (D:6)
  3 ogres
  2 sky beasts
  A black bear (D:6)
  A centaur (D:6)
  4 lemures (D:6)
  A phantom (D:6)
  2 kobold brigands
  A bullfrog (D:8)
  2 scorpions
  11 wights
  2 killer bees (D:8)
  2 howler monkeys (D:8)
  3 jellies
  2 quasits (D:7)
  3 orc priests
  A hound (D:6)
  A sleepcap (D:6)
  An iguana (D:5)
  2 orc wizards (D:5)
  6 adders
  2 river rats
  2 shadow imps
  A white imp (D:6)
  An ufetubus (D:6)
  A worm (D:3)
  3 dart slugs
  13 orcs
  4 endoplasms
  A giant cockroach (D:2)
  7 goblins
  4 hobgoblins
  12 jackals
  18 kobolds
  5 quokkas
  4 ball pythons
  4 bats (D:1)
  4 frilled lizards
  13 rats
  A spectral orc (D:3)
161 creatures vanquished.

Vanquished Creatures (collateral kills)
  2 wights (D:8)
  4 killer bees (D:8)
6 creatures vanquished.

Vanquished Creatures (others)
  An ancestor (D:8)
1 creature vanquished.

Grand Total: 168 creatures vanquished

Notes
Turn   | Place    | Note
-------+----------+-------------------------------------------
     0 | D:1      | wingedge the Human Wanderer began the quest for the Orb.
     0 | D:1      | wingedge set off with the following items: a +2 mace, a
                  | potion of curing, a wand of polymorph (5), a potion of
                  | might, a +0 leather armour.
     0 | D:1      | Reached XP level 1. HP: 15/15 MP: 2/2
   222 | D:1      | Reached XP level 2. HP: 22/22 MP: 3/3
   222 | D:1      | Found a faded altar of an unknown god.
   236 | D:1      | Reached skill level 2 in Fighting
   518 | D:1      | Reached XP level 3. HP: 28/28 MP: 4/4
   883 | D:2      | Found Emoezxal's Antique Armour Emporium.
   891 | D:2      | Found Syabaifi's Jewellery Shop.
  1015 | D:2      | Reached skill level 3 in Fighting
  1015 | D:2      | Reached skill level 1 in Stealth
  1148 | D:2      | Found Nuepaer's Antique Weapon Shop.
  1170 | D:2      | Found Hesiah's Assorted Antiques.
  1382 | D:2      | Reached XP level 4. HP: 35/35 MP: 5/5
  1837 | D:3      | Reached skill level 1 in Ranged Weapons
  1922 | D:3      | Found Labrur's Armour Shop.
  2152 | D:3      | Found a basalt altar of Yredelemnul.
  2307 | D:4      | Noticed a scorpion
  2314 | D:4      | Killed a scorpion
  2315 | D:4      | Reached XP level 5. HP: 39/41 MP: 6/6
  2334 | D:4      | Found a staircase to the Ecumenical Temple.
  2359 | Temple   | Entered the Ecumenical Temple
  2684 | D:3      | Bought a +2 leather armour of cold resistance for 228 gold
                  | pieces
  2999 | D:5      | Entered Level 5 of the Dungeon
  3067 | D:5      | Reached XP level 6. HP: 28/47 MP: 7/7
  3182 | D:5      | Identified the +5 trident of Losen {speed, rPois Int+3
                  | Stlth+}
  3246 | D:5      | Found an ancient bone altar of Kikubaaqudgha.
  3250 | D:5      | Found a blossoming altar of Fedhas.
  3322 | D:5      | Found Ginanum's Fire Supplies.
  3403 | D:5      | Reached skill level 1 in Polearms
  3761 | D:5      | Noticed an ogre
  3764 | D:5      | Noticed an orc warrior
  3893 | D:5      | Reached skill level 7 in Fighting
  3893 | D:5      | Reached XP level 7. HP: 61/61 MP: 8/8
  4128 | D:4      | Reached skill level 5 in Armour
  4128 | D:4      | Reached skill level 5 in Dodging
  4435 | D:5      | Reached skill level 8 in Fighting
  4435 | D:5      | Reached XP level 8. HP: 61/68 MP: 9/9
  4778 | D:6      | Noticed Prince Ribbit
  4790 | D:6      | Killed Prince Ribbit
  4888 | D:6      | Noticed Pikel
  4926 | D:6      | Killed Pikel
  4927 | D:6      | Reached skill level 5 in Ranged Weapons
  4927 | D:6      | Reached XP level 9. HP: 27/74 MP: 10/10
  4994 | D:6      | Found a glowing drain.
  5003 | Sewer    | Entered a sewer
  5172 | Sewer    | Found a white marble altar of Elyvilon.
  5359 | D:6      | Found a glowing silver altar of Zin.
  5374 | D:6      | Noticed Grinder
  5383 | D:6      | Paralysed by Grinder for 5 turns
  5394 | D:6      | Killed Grinder
  6092 | D:6      | Found a bloodstained altar of Trog.
  6281 | D:7      | Found a hazy altar of Hepliaklqana.
  6285 | D:7      | Became a worshipper of Hepliaklqana the Forgotten
  6335 | D:7      | Found Icleker's Magic Scroll Shoppe.
  6377 | D:7      | Reached XP level 10. HP: 75/79 MP: 11/11
  6505 | D:7      | Learned a level 2 spell: Passwall
  6631 | D:7      | Found an iron altar of Okawaru.
  6947 | D:8      | Found a runed translucent gate.
  6947 | D:8      | Found a runed translucent gate.
  6947 | D:8      | Found a runed translucent gate.
  6956 | D:8      | Found a white marble altar of Elyvilon.
  7187 | D:8      | Noticed a two-headed ogre
  7191 | D:8      | Reached * piety under Hepliaklqana
  7222 | D:8      | Killed a two-headed ogre
  7415 | D:8      | Reached skill level 9 in Fighting
  7574 | D:8      | Found an ornate altar of the Wu Jian Council.
  7843 | D:8      | Noticed jlumianski's ghost (novice DsFi)
  7858 | D:8      | Reached skill level 1 in Throwing
  7858 | D:8      | Reached skill level 1 in Invocations
  7873 | D:8      | Slain by a warg

Illustrated notes

Levels and vault maps discovered:
D:1:      matt_arrival_spirals, layout_loops_ring, ebering_ecumenical_altar_webs
D:2:      layout_loops_ring, serial_shops, nicolae_shop_tiny_real_fake_doors,
          nicolae_shop_statue_plus, nicolae_shop_tiny_real_fake_doors, shop
D:3:      layout_loops_cross, yredelemnul_forgotten_temple_becter, serial_shops,
          shop
D:4:      layout_basic, minmay_temple_entry_junction_2
D:5:      layout_gridville, grunt_temple_overflow_growth_and_decay,
          kennysheep_small_spiral, nicolae_shop_fire_sale
          [nicolae_sub_dead_trees]
D:6:      layout_basic, mainiacjoe_overflow_alcove_4, trog_hazing_becter,
          portal_sewer_entry_b, ebering_dispersal_statue_hall,
          uniq_prince_ribbit1, uniq_grinder, uniq_pikel
D:7:      cheibrodos_quashed, layout_cave_pools, mainiacjoe_overflow_24_doors,
          overflow_temple_1_default, serial_shops, nicolae_shop_stone
D:8:      layout_basic, nicolae_overflow_crystal_walls,
          nzn_wu_jian_contemplation, biasface_ghost_orc_armoury
Temple:   nicolae_temple_bog_church

Skill      XL: |  1  2  3  4  5  6  7  8  9 10 |
---------------+-------------------------------+-----
Fighting       | 2 3 7 8 9 |  9.1
Stealth        | 1 2 3 4 |  4.0
Ranged Weapons | 2 4 5 6 7 |  7.0
Polearms       | 7 8 |  8.0
Armour         | 4 5 |  5.0
Dodging        | 4 5 6 |  6.0
Evocations     | 3 4 |  4.0
Throwing       | 1 |  1.1
Invocations    | 1 |  1.0
Maces & Flails | |  5.0
Unarmed Combat | |  1.0
Spellcasting   | |  1.0

Action                     |  1- 3 |  4- 6 |  7- 9 | 10-12 || total
---------------------------+-------+-------+-------+-------++-------
  Melee: Mace              |     8 |       |       |       ||     8
         Dagger            |    75 |    29 |       |       ||   104
         Punch             |     1 |     1 |     2 |       ||     4
         Trident           |       |    23 |   209 |    64 ||   296
   Fire: Sling             |     5 |    47 |    45 |    44 ||   141
         Shortbow          |       |       |     4 |       ||     4
   Cast: Passwall          |       |       |       |     2 ||     2
 Invoke: Ancestor Identity |       |       |       |     1 ||     1
  Evoke: Wand              |     3 |     1 |     1 |     9 ||    14
    Use: Potion            |     2 |     3 |     1 |     2 ||     8
         Scroll            |       |     9 |     1 |     1 ||    11
   Stab: Sleeping          |     3 |       |     4 |       ||     7
         Distracted        |       |       |       |     1 ||     1
 Armour: Leather armour    |    21 |    23 |    24 |    22 ||    90
  Dodge: Dodged            |    47 |    30 |    79 |    37 ||   193
  Block: Kite shield       |       |       |       |    13 ||    13
